 Dungeon Crawl Stone Soup version 0.29.1-1-gd02db6906a (webtiles) character file.

Game seed: 5789812628441416651

16 ScottTheTot the Sneak (level 2, -2/14 (15) HPs)
             Began as a Kobold Enchanter on Sept 24, 2022.
             Slain by a necrophage (6 damage)
             ... on level 4 of the Dungeon.
             The game lasted 00:23:09 (918 turns).

ScottTheTot the Sneak (Kobold Enchanter)             Turns: 918, Time: 00:23:11

HP:   -2/14 (15)    AC:  3    Str:  5    XL:     2   Next: 75%
MP:   5/5           EV: 14    Int: 16    God:
Gold: 36            SH:  0    Dex: 15    Spells: 5/5 levels left

rFire   x . .      SeeInvis .   a - +1 dagger
rCold   + . .      Faith    .   (no shield)
rNeg    . . .      Spirit   .   i - +0 leather armour
rPois   .          Reflect  .   (no helmet)
rElec   .          Harm     .   u - scarf {+Inv}
rCorr   .          Rampage  .   (no gloves)
Will    .....                   (no boots)
Stlth   ++++......              (no amulet)
HPRegen 0.04/turn               g - ring of ice
MPRegen 0.09/turn               (no ring)

@: drained
A: small, no large weapons, nightstalker 3
a: Evoke Invisibility


You were on level 4 of the Dungeon.
You visited 1 branch of the dungeon, and saw 4 of its levels.

You collected 36 gold pieces.

Inventory:

Hand Weapons
 a - a +1 dagger (weapon)
 d - a +0 sling
 h - a +0 whip
 j - a +0 whip
 l - a +0 hand axe
 m - a +0 club
 q - a +0 short sword
 w - a +0 rapier
Missiles
 e - 14 stones
Armour
 b - a +0 robe
 i - a +0 leather armour (worn)
 p - a +0 cloak
 r - a +0 ring mail
 u - a scarf of invisibility (worn)
Jewellery
 g - a ring of ice (left hand)
Wands
 n - a wand of flame (17) (quivered)
Scrolls
 f - 2 scrolls of magic mapping {unknown}
 k - a scroll of identify {unknown}
 o - a scroll of acquirement {unknown}
 t - a scroll of teleportation {unknown}
Potions
 c - 2 potions of invisibility
 s - a potion of magic {unknown}
 v - a potion of brilliance {unknown}


   Skills:
 + Level 1.4 Short Blades
 + Level 2.5 Dodging
 + Level 4.5 Stealth
 + Level 2.3 Spellcasting
 + Level 3.3 Hexes


You had 5 spell levels left.
You didn't know any spells.
Your spell library contained the following spells:

 Spells                   Type           Power      Damage    Failure   Level
 Ensorcelled Hibernation  Hex/Ice        20%        N/A       26%         2
 Confusing Touch          Hex            12%        N/A       26%         3
 Tukima's Dance           Hex            12%        N/A       26%         3
 Foxfire                  Conj/Fire      4%         2x1d4     32%         1
 Dazzling Flash           Conj/Hex       14%        N/A       45%         3
 Inner Flame              Hex/Fire       7%         N/A       45%         3
 Conjure Flame            Conj/Fire      1%         6-21      69%         3
 Flame Wave               Conj/Fire      1%         2d4       97%         4


Dungeon Overview and Level Annotations

Branches:
Dungeon (4/15)
 Temple: D:4-7

Altars:

Shops:
D:1 =


Innate Abilities, Weirdness & Mutations

You are small and have problems with some larger weapons.
You are completely attuned to the shadows.


Message History

Found 2 stones.
v - a yellow potion
Found a rapier.
You see here a +0 rapier.
You see here a +0 rapier.
w - a +0 rapier A necrophage comes into view.
Aiming: Throw Flame
Press: ? - help, Q - select action, (/) - cycle Shift-Dir - straight line The puff of flame hits the necrophage.
The necrophage is lightly damaged.
The necrophage hits you.
You feel drained.
Aiming: Throw Flame
Press: ? - help, Q - select action, (/) - cycle Shift-Dir - straight line, f - necrophage
Aim: a necrophage (lightly damaged, 68% to hit)
The puff of flame hits the necrophage.
The necrophage is lightly damaged.
The necrophage hits you.
Aiming: Throw Flame
Press: ? - help, Q - select action, (/) - cycle Shift-Dir - straight line, f/p - necrophage
Aim: a necrophage (lightly damaged, 68% to hit)
The puff of flame hits the necrophage!
The necrophage is moderately damaged.
The necrophage completely misses you.
You hit the necrophage but do no damage.
The necrophage is moderately damaged.
The necrophage closely misses you.
You closely miss the necrophage.
The necrophage is moderately damaged.
The necrophage hits you.
* * * LOW HITPOINT WARNING * * *
You hit the necrophage.
The necrophage is heavily damaged.
The necrophage barely misses you.
Aiming: Throw Flame
Press: ? - help, Q - select action, (/) - cycle Shift-Dir - straight line, f/p - necrophage
Aim: a necrophage (heavily damaged, 68% to hit)
The puff of flame misses the necrophage.
The necrophage hits you.
You die...

.......# .#####.#
..## #.# ...###.#
#......## #... ..
###.....# #.. ... #
.#....# #.##... ..
#....#######.#....
...#............@n...
##.....#######......
.#....# #.##.#.
#..#.# #.# ## #....#
#.#


You could see a necrophage.

Vanquished Creatures
  An adder (D:3)
  2 bats (D:3)
  A kobold (D:4)
  A ball python (D:1)
  2 frilled lizards
  3 rats
10 creatures vanquished.

Notes
Turn   | Place    | Note
-------+----------+-------------------------------------------
     0 | D:1      | ScottTheTot the Kobold Enchanter began the quest for the
                  | Orb.
     0 | D:1      | Reached XP level 1. HP: 10/10 MP: 3/3
    32 | D:1      | Found Zajid's Jewellery Emporium.
   579 | D:3      | Reached XP level 2. HP: 15/15 MP: 5/5
   910 | D:4      | Noticed a necrophage
   918 | D:4      | Slain by a necrophage

Illustrated notes

Levels and vault maps discovered:
D:1:      dpeg_arrival_solitude, layout_basic, serial_shops,
          nicolae_shop_crystal, chequers_serial_rivers_small_b
D:2:      layout_loops_corners, basic_altar, serial_shops,
          nicolae_lakefront_shop, hellmonk_ecumenical_altar_slurped_away
D:3:      layout_loops_corners, ebering_ghost_disaster_area
D:4:      minmay_clustersquares, layout_loops_corners,
          grunt_temple_overflow_open, nicolae_titane, uniq_eustachio,
          uniq_edmund, uniq_natasha

Action                   || total
-------------------------++-------
Melee: Dagger            ||    25
Evoke: Wand              ||     6
 Stab: Sleeping          ||     3
Armor: Robe              ||     2
       Leather armour    ||     2
Dodge: Dodged            ||    15
